3A
GRAND FORKS CATERPILLARS @ PROVO MANGO
08/30/2029
 
TOP OF THE 1ST
Grand Forks Caterpillars batting - Pitching for Provo Mango : RHP Hikaru Yamaguchi
Pitching: RHP Hikaru Yamaguchi
Batting: SHB Robert Penn 0-0: Ball
1-0: Ground out 1-3 (Groundball, 13S)
Batting: RHB Vonne Navarrete 0-0: Ball
1-0: Called Strike
1-1: Foul Ball, location: 2F
1-2: Strikes out swinging
Batting: SHB Kilipaki Malamapono 0-0: Ball
1-0: Ball
2-0: Ball
3-0: Called Strike
3-1: Foul Ball, location: 2F
3-2: SINGLE (Line Drive, 78M)
Batting: SHB Tony Walsh 0-0: Ball
1-0: Ball
2-0: Swinging Strike
2-1: Foul Ball, location: 2F
Balk!
Kilipaki Malamapono to second
2-2: Strikes out swinging
Top of the 1st over - 0 runs, 1 hit, 0 errors, 1 left on base; Grand Forks 0 - Provo 0
BOTTOM OF THE 1ST
Provo Mango batting - Pitching for Grand Forks Caterpillars : RHP Paco Rojas
Pitching: RHP Paco Rojas
Batting: SHB Tommy Dreamer 0-0: Ball
1-0: Called Strike
1-1: Ball
2-1: Ground out 6-3 (Groundball, 6)
Batting: RHB Rocky Zolman 0-0: TRIPLE (Flyball, 89XD)
Batting: RHB Jeff Hunter 0-0: Called Strike
0-1: DOUBLE (Flyball, 78D)
Rocky Zolman scores
Batting: RHB Xi-ku See-to 0-0: Ball
1-0: Swinging Strike
1-1: Foul Ball, location: 2F
1-2: Foul Ball, location: 2F
1-2: Ball
2-2: Fly out, F7 (Flyball, 78D)
Batting: SHB Tomás Solorzano 0-0: Ball
1-0: Fly out, F6 (Popup, 5DF)
Bottom of the 1st over - 1 run, 2 hits, 0 errors, 1 left on base; Grand Forks 0 - Provo 1
TOP OF THE 2ND
Grand Forks Caterpillars batting - Pitching for Provo Mango : RHP Hikaru Yamaguchi
Batting: LHB Vicente Gonzáles 0-0: Foul Ball, location: 2F
0-1: Swinging Strike
0-2: Foul Ball, location: 2F
0-2: Ball
1-2: Strikes out swinging
Batting: RHB Moriz Ayushiev 0-0: SINGLE (Flyball, 7LS)
Batting: RHB Hang-ki Chung 0-0: Called Strike
0-1: Ball
1-1: Fly out, F9 (Flyball, 9LS)
Batting: RHB Jeremy Migliorati 0-0: Foul Ball, location: 2F
0-1: Reached on error, E5 (Groundball, 5)
Moriz Ayushiev to second
Batting: LHB José Román 0-0: Ball
1-0: Foul Ball, location: 2F
1-1: Swinging Strike
1-2: Ball
2-2: Strikes out swinging
Top of the 2nd over - 0 runs, 1 hit, 1 error, 2 left on base; Grand Forks 0 - Provo 1
BOTTOM OF THE 2ND
Provo Mango batting - Pitching for Grand Forks Caterpillars : RHP Paco Rojas
Batting: RHB Greg Bugarin 0-0: Called Strike
0-1: Fly out, F8 (Flyball, 8LD)
Batting: RHB Sun-jae Kwak 0-0: Called Strike
0-1: Fly out, F2 (Popup, 2LF)
Batting: LHB Tom Haymon 0-0: Called Strike
0-1: Called Strike
0-2: Ball
1-2: Ball
2-2: Strikes out looking
Bottom of the 2nd over - 0 runs, 0 hits, 0 errors, 0 left on base; Grand Forks 0 - Provo 1
TOP OF THE 3RD
Grand Forks Caterpillars batting - Pitching for Provo Mango : RHP Hikaru Yamaguchi
Batting: SHB Robert Penn 0-0: Ball
1-0: Ball
2-0: Fly out, F8 (Flyball, 8RD)
Batting: RHB Vonne Navarrete 0-0: Ball
1-0: Foul Ball, location: 2F
1-1: Foul Ball, location: 2F
1-2: Ball
2-2: Strikes out swinging
Batting: SHB Kilipaki Malamapono 0-0: Called Strike
0-1: Ground out 5-3 (Groundball, 5)
Top of the 3rd over - 0 runs, 0 hits, 0 errors, 0 left on base; Grand Forks 0 - Provo 1
BOTTOM OF THE 3RD
Provo Mango batting - Pitching for Grand Forks Caterpillars : RHP Paco Rojas
Batting: LHB Jesús De Jesús 0-0: SOLO HOME RUN (Flyball, 89XD), Distance : 439 ft
Batting: SHB Tommy Dreamer 0-0: Ball
1-0: Foul Ball, location: 2F
1-1: Swinging Strike
1-2: Ball
2-2: Strikes out swinging
Batting: RHB Rocky Zolman 0-0: Swinging Strike
0-1: Called Strike
0-2: Foul Ball, location: 2F
0-2: Ball
1-2: Foul Ball, location: 2F
1-2: Strikes out looking
Batting: RHB Jeff Hunter 0-0: Ground out 6-3 (Groundball, 6S)
Bottom of the 3rd over - 1 run, 1 hit, 0 errors, 0 left on base; Grand Forks 0 - Provo 2
TOP OF THE 4TH
Grand Forks Caterpillars batting - Pitching for Provo Mango : RHP Hikaru Yamaguchi
Batting: SHB Tony Walsh 0-0: Ball
1-0: Foul Ball, location: 2F
1-1: Ball
2-1: Foul Ball, location: 2F
2-2: Fly out, F9 (Flyball, 89S)
Batting: LHB Vicente Gonzáles 0-0: Foul Ball, location: 2F
0-1: Swinging Strike
0-2: Ball
1-2: Strikes out looking
Batting: RHB Moriz Ayushiev 0-0: Swinging Strike
0-1: Swinging Strike
0-2: Ball
1-2: Strikes out swinging
Top of the 4th over - 0 runs, 0 hits, 0 errors, 0 left on base; Grand Forks 0 - Provo 2
BOTTOM OF THE 4TH
Provo Mango batting - Pitching for Grand Forks Caterpillars : RHP Paco Rojas
Batting: RHB Xi-ku See-to 0-0: Called Strike
0-1: Ball
1-1: SINGLE (Line Drive, 89S)
Batting: SHB Tomás Solorzano 0-0: Called Strike
0-1: Ball
1-1: Ball
2-1: Ball
3-1: Called Strike
3-2: Foul Ball, location: 2F
3-2: Fly out, F8 (Flyball, 8LXD)
Batting: RHB Greg Bugarin 0-0: Ball
1-0: Called Strike
1-1: Ball
2-1: Ball
3-1: Foul Ball, location: 2F
3-2: Base on Balls
Xi-ku See-to to second
Batting: RHB Sun-jae Kwak 0-0: Swinging Strike
0-1: Called Strike
0-2: Ball
1-2: DOUBLE (Flyball, 78D)
Xi-ku See-to scores
Greg Bugarin to third
Pitching: RHP David Rowlingson
Batting: LHB Tom Haymon 0-0: Called Strike
0-1: Ball
1-1: Ball
2-1: Foul Ball, location: 2F
2-2: Ball
3-2: Base on Balls
Batting: LHB Jesús De Jesús 0-0: DOUBLE (Line Drive, 9LS)
Greg Bugarin scores
Sun-jae Kwak scores
Tom Haymon to third
Runner from 3rd tries for Home, SAFE, no throw
Batting: SHB Tommy Dreamer 0-0: Ball
1-0: Ball
2-0: Called Strike
2-1: Foul Ball, location: 2F
2-2: Ball
3-2: SINGLE (Groundball, 4MD)
Jesús De Jesús to third
Runner from 3rd tries for Home, SAFE, throw made home
Batting: RHB Rocky Zolman 0-0: Ball
1-0: SINGLE (Line Drive, 78M)
Tommy Dreamer to second
Batting: RHB Jeff Hunter 0-0: Ball
1-0: Ball
2-0: Foul Ball, location: 2F
2-1: Ball
3-1: SINGLE (Flyball, 7S)
Tommy Dreamer to third
Rocky Zolman to second
Runner from 3rd tries for Home, SAFE, no throw
Batting: RHB Xi-ku See-to 0-0: Ball
1-0: Foul Ball, location: 2F
1-1: Grounds into double play, 3-6-3 (Groundball, 34)
Bottom of the 4th over - 6 runs, 6 hits, 0 errors, 1 left on base; Grand Forks 0 - Provo 8
TOP OF THE 5TH
Grand Forks Caterpillars batting - Pitching for Provo Mango : RHP Hikaru Yamaguchi
Batting: RHB Hang-ki Chung 0-0: Called Strike
0-1: Foul Ball, location: 2F
0-2: Ball
1-2: SINGLE (Groundball, 56D)
Batting: RHB Jeremy Migliorati 0-0: Called Strike
0-1: Ball
1-1: Foul Ball, location: 2F
1-2: Foul Ball, location: 2F
1-2: Fly out, F6 (Popup, 6)
Batting: LHB José Román 0-0: Ball
1-0: Foul Ball, location: 2F
1-1: Called Strike
1-2: SINGLE (Flyball, 34D)
Hang-ki Chung to second
Runner from 2nd tries for 3rd, SAFE, no throw
Batting: SHB Robert Penn 0-0: Foul Ball, location: 2F
0-1: Ball
1-1: Called Strike
1-2: Strikes out swinging
Batting: RHB Vonne Navarrete 0-0: Swinging Strike
0-1: Foul Ball, location: 2F
0-2: Ball
1-2: Ball
2-2: Strikes out looking
Top of the 5th over - 0 runs, 2 hits, 0 errors, 2 left on base; Grand Forks 0 - Provo 8
BOTTOM OF THE 5TH
Provo Mango batting - Pitching for Grand Forks Caterpillars : RHP David Rowlingson
Batting: SHB Tomás Solorzano 0-0: Ball
1-0: SINGLE (Flyball, 9LS) - OUT at second base trying to stretch hit.
Batting: RHB Greg Bugarin 0-0: Ball
1-0: Ball
2-0: Ground out 5-3 (Groundball, 56S)
Batting: RHB Sun-jae Kwak 0-0: Ball
1-0: Foul Ball, location: 2F
1-1: Ground out 5-3 (Groundball, 5)
Bottom of the 5th over - 0 runs, 1 hit, 0 errors, 0 left on base; Grand Forks 0 - Provo 8
TOP OF THE 6TH
Grand Forks Caterpillars batting - Pitching for Provo Mango : RHP Hikaru Yamaguchi
Batting: SHB Kilipaki Malamapono 0-0: Called Strike
0-1: Swinging Strike
0-2: Strikes out swinging
Batting: SHB Tony Walsh 0-0: Ball
1-0: Swinging Strike
1-1: Called Strike
1-2: Ball
2-2: Ball
3-2: Foul Ball, location: 2F
3-2: Base on Balls
Batting: LHB Vicente Gonzáles 0-0: Called Strike
0-1: Ball
1-1: Swinging Strike
1-2: Foul Ball, location: 2F
1-2: Foul Ball, location: 2F
1-2: Strikes out swinging
Batting: RHB Moriz Ayushiev 0-0: Swinging Strike
0-1: Ball
1-1: Foul Ball, location: 2F
1-2: Ball
2-2: Ball
3-2: Foul Ball, location: 2F
3-2: Foul Ball, location: 2F
3-2: Strikes out looking
Top of the 6th over - 0 runs, 0 hits, 0 errors, 1 left on base; Grand Forks 0 - Provo 8
BOTTOM OF THE 6TH
Provo Mango batting - Pitching for Grand Forks Caterpillars : RHP David Rowlingson
Batting: LHB Tom Haymon 0-0: Ball
1-0: Ball
2-0: Ground out 4-3 (Groundball, 4)
Batting: LHB Jesús De Jesús 0-0: Foul Ball, location: 2F
0-1: Foul Ball, location: 2F
0-2: Ball
1-2: Fly out, F8 (Flyball, 89S)
Batting: SHB Tommy Dreamer 0-0: Called Strike
0-1: Fly out, F3 (Popup, 3SF)
Bottom of the 6th over - 0 runs, 0 hits, 0 errors, 0 left on base; Grand Forks 0 - Provo 8
TOP OF THE 7TH
Grand Forks Caterpillars batting - Pitching for Provo Mango : RHP Hikaru Yamaguchi
Batting: RHB Hang-ki Chung 0-0: Foul Ball, location: 2F
0-1: Foul Ball, location: 2F
0-2: SINGLE (Groundball, 56D)
Batting: RHB Jeremy Migliorati 0-0: Ball
Hang-ki Chung steals 2nd base
1-0: Foul Ball, location: 2F
1-1: Ball
2-1: Called Strike
2-2: Reached on error, E8 (Flyball, 8RD)
Hang-ki Chung to third
Batting: LHB José Román 0-0: Ball
1-0: Swinging Strike
1-1: Ball
2-1: Fly out, F9 (Flyball, 89S)
Runner from 3rd tags up, SCORES, no throw
Pitching: LHP Inaki Maira
Batting: SHB Robert Penn 0-0: Called Strike
0-1: Fly out, F8 (Flyball, 89M)
Batting: RHB Vonne Navarrete 0-0: Called Strike
0-1: Foul Ball, location: 2F
0-2: Strikes out looking
Top of the 7th over - 1 run, 1 hit, 1 error, 1 left on base; Grand Forks 1 - Provo 8
BOTTOM OF THE 7TH
Provo Mango batting - Pitching for Grand Forks Caterpillars : RHP David Rowlingson
Batting: RHB Rocky Zolman 0-0: Foul Ball, location: 2F
0-1: Foul Ball, location: 2F
0-2: Ground out U3 (Groundball, 34)
Batting: RHB Jeff Hunter 0-0: Swinging Strike
0-1: Ball
1-1: Foul Ball, location: 2F
1-2: Strikes out looking
Batting: RHB Xi-ku See-to 0-0: Called Strike
0-1: Foul Ball, location: 2F
0-2: Ball
1-2: Strikes out looking
Bottom of the 7th over - 0 runs, 0 hits, 0 errors, 0 left on base; Grand Forks 1 - Provo 8
TOP OF THE 8TH
Grand Forks Caterpillars batting - Pitching for Provo Mango : LHP Inaki Maira
Batting: SHB Kilipaki Malamapono 0-0: Called Strike
0-1: Called Strike
0-2: Ball
1-2: Foul Ball, location: 2F
1-2: Ball
2-2: Ground out 6-3 (Groundball, 6)
Batting: SHB Tony Walsh 0-0: Foul Ball, location: 2F
0-1: Called Strike
0-2: Ball
1-2: Ground out 5-3 (Groundball, 5L)
Pinch Hitting: RHB Juan Gurule 0-0: Called Strike
0-1: Ball
1-1: SOLO HOME RUN (Flyball, 7D), Distance : 416 ft
Batting: RHB Moriz Ayushiev 0-0: Called Strike
0-1: Foul Ball, location: 2F
0-2: Fly out, F4 (Popup, 4S)
Top of the 8th over - 1 run, 1 hit, 0 errors, 0 left on base; Grand Forks 2 - Provo 8
BOTTOM OF THE 8TH
Provo Mango batting - Pitching for Grand Forks Caterpillars : RHP David Rowlingson
Now at 3B: Juan Gurule
Batting: SHB Tomás Solorzano 0-0: Ball
1-0: Called Strike
1-1: Ball
2-1: Fly out, F7 (Flyball, 7S)
Batting: RHB Greg Bugarin 0-0: Foul Ball, location: 2F
0-1: SOLO HOME RUN (Flyball, 78XD), Distance : 445 ft
Batting: RHB Sun-jae Kwak 0-0: Foul Ball, location: 2F
0-1: DOUBLE (Line Drive, 9LS)
Batting: LHB Tom Haymon 0-0: Ball
1-0: Single, Error in OF, E9, batter to second base
Sun-jae Kwak scores
Pitching: RHP Carlos Cardoso
Batting: LHB Jesús De Jesús 0-0: Ball
1-0: Foul Ball, location: 2F
1-1: Called Strike
1-2: Strikes out swinging
Batting: SHB Tommy Dreamer 0-0: Ball
1-0: Called Strike
1-1: Ball
2-1: Foul Ball, location: 2F
2-2: Ball
3-2: Base on Balls
Batting: RHB Rocky Zolman 0-0: Ball
1-0: Foul Ball, location: 2F
1-1: Ball
2-1: Ball
3-1: Called Strike
3-2: Foul Ball, location: 2F
3-2: Base on Balls
Tom Haymon to third
Tommy Dreamer to second
Batting: RHB Jeff Hunter 0-0: Ball
1-0: Ball
2-0: Called Strike
2-1: Fly out, F8 (Flyball, 89M)
Bottom of the 8th over - 2 runs, 3 hits, 1 error, 3 left on base; Grand Forks 2 - Provo 10
TOP OF THE 9TH
Grand Forks Caterpillars batting - Pitching for Provo Mango : LHP Inaki Maira
Now at C: Egor Nabatov
Batting: RHB Hang-ki Chung 0-0: Fly out, F9 (Flyball, 89D)
Batting: RHB Jeremy Migliorati 0-0: Ball
1-0: SINGLE (Flyball, 9LS)
Batting: LHB José Román 0-0: Ball
1-0: Fly out, F8 (Flyball, 8RD)
Batting: SHB Robert Penn 0-0: Called Strike
0-1: Ball
1-1: Ball
2-1: Ball
3-1: Called Strike
3-2: Base on Balls
Jeremy Migliorati to second
Batting: RHB Vonne Navarrete 0-0: Called Strike
0-1: Ball
1-1: Swinging Strike
1-2: Ball
2-2: Strikes out swinging
Top of the 9th over - 0 runs, 1 hit, 0 errors, 2 left on base; Grand Forks 2 - Provo 10
Tuesday, December 19th, 2017 - OOTP Baseball 18.8 Build 76